 Dungeon Crawl Stone Soup version bcrawl-1.28.5 (webtiles) character file.

Game seed: 17715756622160722268

178271 harry2680 the Sneak (level 5, 0/36 HPs)
             Began as an Octopode Rogue on Jan 21, 2021.
             Slain by a crimson imp (3 damage)
             ... on level 3 of the Dungeon.
             The game lasted 00:09:29 (1970 turns).

harry2680 the Sneak (Octopode Rogue)                Turns: 1970, Time: 00:09:30

Health: 0/36       AC:  1    Str: 10    XL:     5   Next: 54%
Magic:  7/7        EV: 13    Int: 14    God:
Gold:   219        SH:  0    Dex: 14    Spells: 4/4 levels left

rFire    . . .     SeeInvis .   a - +2 dagger
rCold    . . .     Gourm    .   (no shield)
rNeg     . . .     Faith    .   (helmet restricted)
rPois    .         Spirit   .   (cloak restricted)
rElec    .         Reflect  .   (no amulet)
rCorr    .         Harm     .   (no ring)
MR       .....                  (no ring)
Stlth    ++++......             (no ring)
HPRegen  0.12/turn              (no ring)
MPRegen  0.10/turn              (no ring)
                                (no ring)
                                (no ring)
                                (no ring)

@: no status effects
A: almost no armour, stealthy swim, amphibious, 8 rings, constrict 8, camouflage
1, gelatinous body 1
a: no special abilities


You were on level 3 of the Dungeon.
You were not hungry.

You visited 1 branch of the dungeon, and saw 3 of its levels.

You collected 219 gold pieces.

Inventory:

Hand Weapons
 a - a +2 dagger (weapon)
 b - a +0 blowgun
Missiles
 c - 80 poisoned needles
 g - 478 stones (quivered)
Wands
 d - a wand of flame (15)
 f - a wand of enslavement (15)
Scrolls
 m - a scroll of magic mapping {unknown}
 n - a scroll of blinking
 q - 2 scrolls of teleportation {unknown}
Potions
 h - a potion of magic
 j - a potion of cancellation {unknown}
 l - a potion of agility
 o - a potion of invisibility {unknown}
 p - a potion of resistance {unknown}
Comestibles
 e - 4 rations {!d}
 k - 12 chunks of flesh


   Skills:
 + Level 2.8 Fighting
 + Level 2.7 Short Blades
 + Level 1.9 Throwing
 + Level 1.8 Dodging
 + Level 6.6 Stealth
 + Level 3.1 Evocations


You had 4 spell levels left.
You didn't know any spells.
Your spell library contained the following spells:

 Spells                   Type           Power        Failure   Level  Hunger
 Apportation              Tloc           #.....       28%         1    None
 Infusion                 Chrm           #.......     28%         1    None
 Sandblast                Erth           #.....       28%         1    None
 Slow                     Hex            #.......     28%         1    None
 Summon Butterflies       Summ           #.......     28%         1    None


Dungeon Overview and Level Annotations

Branches:
Dungeon (3/12)

Altars:
Gozag
Okawaru
Uskayaw

Annotations:
D:3 2 transporters


Innate Abilities, Weirdness & Mutations

You cannot wear most types of armour.
You are very stealthy in the water. (Stealth+)
You are amphibious.
You can wear up to eight rings at the same time.
You can use your tentacles to constrict eight enemies at once.
Your skin changes colour to match your surroundings (Stealth+).
Your rubbery body absorbs attacks. (AC +1, EV +1)


Message History

You hit the crimson imp.
The crimson imp is heavily wounded.
You constrict the crimson imp. The crimson imp hits you.
The crimson imp blinks free!
You lose your grip on the crimson imp.
You hit the crimson imp. Your grab misses the crimson imp.
The crimson imp is severely wounded.
The crimson imp hits you.
You barely miss the crimson imp. You grab the crimson imp.
The crimson imp is heavily wounded.
You constrict the crimson imp.
You hit the crimson imp but do no damage.
The crimson imp is severely wounded.
You constrict the crimson imp, but do no damage.
The crimson imp breathes fire at you. The flame tongue hits you!
* * * LOW HITPOINT WARNING * * *
You barely miss the crimson imp.
The crimson imp is heavily wounded.
You constrict the crimson imp. The crimson imp hits you.
You die...

#.......# #.....# #.#..###
#.#.###.###.....# #.#.##8H
#.#..†....#.....# #..[#..T
#.#..##.#.#.#.#.# ##..#.#.
#.#..#.......÷#.##### #..#..#
#.......#.#.........###..#...
##..###..#.#.###..........#..#
#...# #............<......#.#.
#.#.###......@5.........#.#...
#.#.....#.................##8%
........#.##...............#..###
..##.##.#.###....................
#.##.#.# #####.##...).#...##.#
#......# #.###...##..## .#
...#.#.# .(. ######..# ..#.# ...#
#.... ###.# ##.##.#


You could see a crimson imp.

Vanquished Creatures
  A crimson imp (D:2)
  An iguana (D:3)
  A worker ant (D:3)
  2 adders (D:2)
  A worm (D:1)
  5 dart slugs
  2 leopard geckos (D:2)
  3 orcs
  A ball python (D:1)
  9 giant cockroaches
  2 goblins (D:1)
  8 hobgoblins
  3 jackals (D:3)
  2 quokkas (D:2)
  7 bats
  2 frilled lizards
  6 kobolds
  3 rats
59 creatures vanquished.

Notes
Turn   | Place    | Note
-------+----------+-------------------------------------------
     0 | D:1      | harry2680 the Octopode Rogue began the quest for the Orb.
     0 | D:1      | Reached XP level 1. HP: 14/14 MP: 2/2
    78 | D:1      | Reached XP level 2. HP: 11/19 MP: 3/3
   269 | D:1      | Reached skill level 6 in Stealth
   444 | D:1      | Reached skill level 1 in Dodging
   462 | D:1      | Reached XP level 3. HP: 22/24 MP: 4/4
   827 | D:2      | Reached skill level 1 in Throwing
   869 | D:2      | Reached XP level 4. HP: 22/30 MP: 4/6
  1750 | D:3      | Noticed a hippogriff
  1751 | D:3      | Found an iron altar of Okawaru.
  1752 | D:3      | Found a transporter.
  1752 | D:3      | Found a hide-covered altar of Uskayaw.
  1761 | D:3      | Noticed a troll
  1762 | D:3      | Reached XP level 5. HP: 34/35 MP: 7/7
  1767 | D:3      | Found an opulent altar of Gozag.
  1770 | D:3      | Found a transporter.
  1970 | D:3      | Slain by a crimson imp

Skill      XL: |  1  2  3  4 |
---------------+-------------+-----
Stealth        | 6 |  6.6
Dodging        | 1 |  1.8
Throwing       | 1 |  1.9
Evocations     | 3 |  3.1
Fighting       | |  2.8
Short Blades   | |  2.7

Action                   |  1- 3 |  4- 6 || total
-------------------------+-------+-------++-------
Melee: Dagger            |    49 |    93 ||   142
       Constrict         |    11 |    19 ||    30
       Tentacles         |     9 |    14 ||    23
Throw: Stone             |       |     1 ||     1
  Use: Scroll            |       |     2 ||     2
       Potion            |       |     1 ||     1
 Stab: Sleeping          |     9 |     7 ||    16
       Distracted        |     1 |       ||     1
  Eat: Chunk             |     1 |     5 ||     6
Armor: Skin              |     2 |     7 ||     9
Dodge: Dodged            |    22 |    55 ||    77
